 Dungeon Crawl Stone Soup version 0.20.0-8-g6b59dc7 (webtiles) character file.

82 Jannitor the Ducker (level 4, -6/24 HPs)
             Began as a Spriggan Abyssal Knight on May 30, 2017.
             Was a Follower of Sif Muna.
             Mangled by an apocalypse crab (11 damage)
             ... on level 3 of the Abyss.
             The game lasted 00:09:33 (3659 turns).

Jannitor the Ducker (Spriggan Abyssal Knight)       Turns: 3659, Time: 00:09:34

Health: -6/24      AC:  3    Str:  9 (10) XL:     4   Next: 21%
Magic:  0/7        EV: 19    Int: 12 (13) God:    Sif Muna [*.....]
Gold:   134        SH:  0    Dex: 15 (16) Spells: 3/3 levels left

rFire    . . .     SeeInvis +   a - +2 short sword
rCold    . . .     Gourm    .   (shield restricted)
rNeg     . . .     Faith    .   b - +1 robe
rPois    .         Spirit   +   (helmet restricted)
rElec    .         Reflect  .   i - scarf {Spirit}
rCorr    .         Harm     .   (gloves unavailable)
MR       .....                  (boots unavailable)
Stlth    ++........             (no amulet)
Regen    0.1/turn               d - +2 ring of strength
MPRegen  0.1/turn               (no ring)

@: very quick
A: unfitting armour, see invisible, herbivore 3, speed 3, slow metabolism 2
a: Divine Energy, Renounce Religion


You were on level 3 of the Abyss.
You worshipped Sif Muna.
Sif Muna was aware of your devotion.
You were hungry.

You visited 1 branch of the dungeon, and saw 3 of its levels.
You visited the Abyss 2 times.

You collected 134 gold pieces.

Inventory:

Hand Weapons
 a - a +2 short sword (weapon)
 j - a +0 long sword of holy wrath
Armour
 b - a +1 robe (worn)
 i - a scarf of spirit shield (worn)
Jewellery
 d - a +2 ring of strength (left hand)
 e - an uncursed ring of resist corrosion {unknown}
Scrolls
 g - 4 scrolls of remove curse
 k - 2 scrolls of identify
 l - a scroll of recharging {unknown}
 m - a scroll of teleportation
 o - a scroll of enchant weapon
Potions
 f - a potion of heal wounds
 h - a potion of curing
Comestibles
 c - 5 bread rations


   Skills:
 + Level 3.0 Fighting
 + Level 2.9 Short Blades
 + Level 4.1 Dodging
 + Level 1.4 Stealth
 + Level 2.7 Invocations


You had 3 spell levels left.
You didn't know any spells.

Dungeon Overview and Level Annotations

Branches:
Dungeon (3/15)

Altars:
Sif Muna

Annotations:
D:2 Sigmund


Innate Abilities, Weirdness & Mutations

You are very small and have problems with some larger weapons.
You are too small for most types of armour.
You have supernaturally acute eyesight. (SInv)
You are a herbivore.
You cover ground extremely quickly.
You need consume almost no food.


Message History

The blast of chaos misses you.
You are engulfed in seething chaos.
The apocalypse crab is engulfed in seething chaos.
The apocalypse crab seems to slow down.
Found a scroll labeled FYXZIRGHO HORAH.
You are engulfed in seething chaos.
Strange energies run through your body.
Found a plate armour.
Found a scroll of teleportation.
You now have 134 gold pieces (gained 5).
l - a scroll labeled FYXZIRGHO HORAH A quasit comes into view.
The quasit moves out of view.
Unknown command.
m - a scroll of teleportation The apocalypse crab is no longer moving slowly.
The apocalypse crab bites you.
You are engulfed in flames!
The apocalypse crab claws you!
* * * LOW HITPOINT WARNING * * *
You are engulfed in flames!
You die...

.## .####..#
.#
#.#...#......#
#....#...## ##
##......[..#
#....#.#.#.#
.#.........##
#.....#..##.##
.......#t....#
##.#.@..####
....#.##.#
#..###.## #.
....
ยง.####... ###
# ###


You could see an apocalypse crab.

Vanquished Creatures
  An ooze (D:1)
  A worm (D:2)
  2 dart slugs
  9 orcs (D:3)
  A ball python (D:1)
  3 bats
  5 giant cockroaches
  9 hobgoblins
  11 kobolds
  A quokka (D:2)
  4 frilled lizards (D:1)
  5 goblins
  5 rats
57 creatures vanquished.

Vanquished Creatures (others)
  2 starspawn tentacles (Abyss:2)
2 creatures vanquished.

Grand Total: 59 creatures vanquished

Notes
Turn   | Place    | Note
-------+----------+-------------------------------------------
     0 | Abyss:1  | Jannitor the Spriggan Abyssal Knight began the quest for the Orb.
     0 | Abyss:1  | Reached XP level 1. HP: 11/11 MP: 3/3
    30 | Abyss:1  | Noticed a sky beast
    81 | Abyss:2  | Noticed a harpy simulacrum
   144 | Abyss:2  | Noticed a tentacled starspawn
   151 | D:1      | Escaped the Abyss
   232 | D:1      | Reached XP level 2. HP: 14/16 MP: 4/4
   593 | D:1      | Reached ** piety under Lugonu
   648 | D:1      | Reached XP level 3. HP: 4/19 MP: 0/5
   789 | D:1      | Reached skill level 4 in Dodging
  2239 | D:2      | Noticed Sigmund
  2675 | D:3      | Found a faded altar of an unknown god.
  2677 | D:3      | Fell from the grace of Lugonu
  2677 | D:3      | Became a worshipper of Sif Muna the Loreminder
  2677 | D:3      | Reached * piety under Sif Muna
  2684 | D:3      | Reached XP level 4. HP: 16/23 MP: 7/7
  2698 | D:3      | Reached skill level 1 in Stealth
  3191 | D:3      | Noticed an ancient zyme
  3191 | D:3      | Cast into level 2 of the Abyss (Lugonu's touch)
  3247 | Abyss:2  | Noticed a thrashing horror
  3251 | Abyss:2  | Found a basalt altar of Yredelemnul.
  3253 | Abyss:2  | Noticed a worldbinder
  3254 | Abyss:2  | Noticed a shining eye
  3254 | Abyss:2  | Noticed a jumping spider
  3270 | Abyss:2  | Noticed an ancient zyme
  3336 | Abyss:2  | Noticed a thrashing horror
  3340 | Abyss:2  | Noticed a small abomination
  3465 | Abyss:2  | Noticed a raiju
  3573 | Abyss:2  | Noticed a cyan very ugly thing
  3573 | Abyss:2  | Noticed a cyan ugly thing
  3573 | Abyss:2  | Noticed a cyan ugly thing
  3573 | Abyss:2  | Noticed a cyan very ugly thing
  3573 | Abyss:2  | Noticed a cyan ugly thing
  3585 | Abyss:2  | Noticed a large abomination
  3621 | Abyss:3  | Noticed an apocalypse crab
  3659 | Abyss:3  | Mangled by an apocalypse crab

Skill      XL: |  1  2  3  4 |
---------------+-------------+-----
Invocations    | 2 |  2.7
Dodging        | 4 |  4.1
Stealth        | 1 |  1.4
Fighting       | 3 |  3.0
Short Blades   | |  2.9

Action                   |  1- 3 |  4- 6 || total
-------------------------+-------+-------++-------
Melee: Short sword       |   188 |    45 ||   233
Invok: Bend Space        |     2 |       ||     2
  Use: Scroll            |     4 |     6 ||    10
       Potion            |     4 |     1 ||     5
 Stab: Sleeping          |     4 |       ||     4
Armor: Robe              |    11 |     2 ||    13
Dodge: Dodged            |   132 |    35 ||   167
